 Dungeon Crawl Stone Soup version 0.23-a0-182-g58cdd98 (webtiles) character file.

89 Amnesiac the Skirmisher (level 4, -2/37 HPs)
             Began as a Mummy Monk on Sept 20, 2018.
             Slain by Eustachio
             ... wielding a +0 falchion
              (4 damage)
             ... on level 4 of the Dungeon.
             The game lasted 00:02:31 (1325 turns).

Amnesiac the Skirmisher (Mummy Monk)                Turns: 1325, Time: 00:02:32

Health: -2/37      AC:  6    Str: 14    XL:     4   Next: 31%
Magic:  4/4        EV: 12    Int: 10    God:
Gold:   32         SH:  0    Dex: 14    Spells: 3/3 levels left

rFire    x . .     SeeInvis .   a - +0 short sword
rCold    + . .     Gourm    .   (no shield)
rNeg     + + +     Faith    .   f - +0 ring mail
rPois    ∞         Spirit   .   (no helmet)
rElec    .         Reflect  .   (no cloak)
rCorr    .         Harm     .   c - +0 pair of gloves
MR       .....                  (no boots)
Stlth    +.........             (no amulet)
HPRegen  0.12/turn              (no ring)
MPRegen  0.09/turn              (no ring)

@: no status effects
A: no food or potions, fire vulnerability, cold resistance 1, negative energy
resistance 3, torment resistance, unbreathing
a: no special abilities


You were on level 4 of the Dungeon.
You were not hungry.

You visited 1 branch of the dungeon, and saw 5 of its levels.

You collected 32 gold pieces.

Inventory:

Hand Weapons
 a - a +0 short sword (weapon)
Armour
 c - a +0 pair of gloves (worn)
 f - a +0 ring mail (worn)
Scrolls
 d - 2 scrolls of blinking {!r}
 e - a scroll of identify {!r}


   Skills:
 + Level 3.8 Fighting
 - Level 2.4 Short Blades
 * Level 3.7 Dodging
 - Level 1.5 Stealth


You had 3 spell levels left.
You didn't know any spells.
Your spell library was empty.

Dungeon Overview and Level Annotations

Branches:
Dungeon (5/15)
 Temple: D:4-7

Altars:
Dithmenos
Fedhas
Okawaru

Annotations:
D:4 Eustachio


Innate Abilities, Weirdness & Mutations

You do not eat or drink.
Your flesh is vulnerable to fire.
You are immune to poison.
Your flesh is cold resistant. (rC+)
You are immune to negative energy. (rN+++)
You are immune to unholy pain and torment.
You can survive without breathing.


Message History

You hit Eustachio.
Eustachio is moderately wounded.
The quokka closely misses you. Eustachio hits you with a falchion.
You hit Eustachio.
Eustachio is moderately wounded.
The quokka closely misses you. Eustachio hits you but does no damage.
The quokka barely misses you.
You hit Eustachio but do no damage.
Eustachio is moderately wounded.
Eustachio hits you with a falchion.
* * * LOW HITPOINT WARNING * * *
The quokka bites you.
* * * LOW HITPOINT WARNING * * *
You barely miss Eustachio.
Eustachio is moderately wounded.
The quokka bites you but does no damage.
Eustachio mumbles some strange words.
You hit Eustachio.
Eustachio is moderately wounded.
The quokka barely misses you. Eustachio misses you.
You closely miss Eustachio.
Eustachio is moderately wounded.
The quokka bites you.
* * * LOW HITPOINT WARNING * * *
Eustachio barely misses you.
You hit Eustachio.
Eustachio is heavily wounded.
The quokka bites you but does no damage.
Eustachio mumbles some strange words.
You miss Eustachio.
Eustachio is heavily wounded.
The quokka barely misses you.
The quokka bites you but does no damage.
Eustachio misses you.
Really read
e - 2 scrolls labeled GIDDANIPOD {!r}?
As you read the scroll labeled GIDDANIPOD {!r}, it crumbles to dust.
It is a scroll of identify.
d - 2 scrolls of blinking {!r} The quokka bites you but does no damage.
You barely miss Eustachio.
Eustachio is heavily wounded.
Eustachio hits you but does no damage.
The quokka bites you but does no damage.
You closely miss Eustachio.
Eustachio is heavily wounded.
Eustachio hits you with a falchion.
* * * LOW HITPOINT WARNING * * *
The quokka bites you.
* * * LOW HITPOINT WARNING * * *
Your ring mail prevents you from hitting Eustachio.
Eustachio is heavily wounded.
The quokka bites you but does no damage.
Eustachio misses you.
You barely miss Eustachio.
Eustachio is heavily wounded.
The quokka bites you but does no damage.
Eustachio hits you with a falchion.
* * * LOW HITPOINT WARNING * * *
The quokka bites you.
* * * LOW HITPOINT WARNING * * *
You hit Eustachio but do no damage.
Eustachio is heavily wounded.
Eustachio hits you with a falchion.
You die...

........#####
#.#
....@.......#
#.#
........###.#
#.# #########
#.# #.# #.#
#.# #.# #.#
#.# #(# #r#
#.# #@# #.#
#@#####.#
#bb.%...#
#########


You could see Eustachio, a quokka and 2 bats.

Vanquished Creatures
  A worker ant (D:4)
  5 adders
  An ooze (D:1)
  A giant cockroach (D:3)
  6 goblins
  A hobgoblin (D:1)
  3 kobolds
  A rat (D:2)
19 creatures vanquished.

Notes
Turn   | Place    | Note
-------+----------+-------------------------------------------
     0 | D:1      | Amnesiac the Mummy Monk began the quest for the Orb.
     0 | D:1      | Reached XP level 1. HP: 18/18 MP: 1/1
    91 | D:1      | Reached XP level 2. HP: 7/24 MP: 2/2
   683 | D:3      | Reached XP level 3. HP: 27/29 MP: 3/3
   731 | D:3      | Found a shadowy altar of Dithmenos.
   734 | D:3      | Found an iron altar of Okawaru.
   737 | D:3      | Found a blossoming altar of Fedhas.
   947 | D:4      | Reached XP level 4. HP: 21/37 MP: 4/4
  1193 | D:5      | Entered Level 5 of the Dungeon
  1268 | D:4      | Noticed Eustachio
  1325 | D:4      | Slain by Eustachio

Vault maps used:
D:1:      eino_arrival_druids_welcome
D:2:      uniq_robin
D:3:      grunt_temple_overflow_diamond
D:4:      uniq_eustachio
D:5:      minmay_temple_entry_from_below_a, serial_shops, shop, first_ration,
          xom_redecorated, uniq_blork_the_orc, uniq_menkaure

Skill      XL: |  1  2 |
---------------+-------+-----
Dodging        | 3 |  3.7
Fighting       | |  3.8
Short Blades   | |  2.4
Stealth        | |  1.5

Action                   |  1- 3 |  4- 6 || total
-------------------------+-------+-------++-------
Melee: Short sword       |    81 |    51 ||   132
Evoke: Wand              |       |     9 ||     9
  Use: Scroll            |       |     1 ||     1
 Stab: Sleeping          |     2 |       ||     2
Armor: Robe              |     4 |       ||     4
       Ring mail         |    16 |    24 ||    40
Dodge: Dodged            |    42 |    42 ||    84

Table legend:
 A = Non-vault XP
 B = Vault XP
 C = Vault XP percentage of total XP
 D = Non-vault monster count
 E = Vault monster count
 F = Vault count percentage of total count
                 A         B        C        D         E       F
            +---------+---------+-------+---------+---------+-------
      Total |     128 |       0 |   0.0 |      19 |       0 |   0.0
            +---------+---------+-------+---------+---------+-------
        D:1 |      19 |       0 |   0.0 |       8 |       0 |   0.0
        D:2 |      15 |       0 |   0.0 |       3 |       0 |   0.0
        D:3 |      32 |       0 |   0.0 |       5 |       0 |   0.0
        D:4 |      62 |       0 |   0.0 |       3 |       0 |   0.0
            +---------+---------+-------+---------+---------+-------
